 Dungeon Crawl Stone Soup version 0.29-a0-330-g52719c12eb (webtiles) character file.

Game seed: 2936942406532201695

18 kae the Firebug (level 2, -1/18 HPs)
             Began as an Octopode Fire Elementalist on Apr 15, 2022.
             Succumbed to an adder's poison
             ... on level 1 of the Dungeon.
             The game lasted 00:00:40 (1053 turns).

kae the Firebug (Octopode Fire Elementalist)        Turns: 1053, Time: 00:00:41

Health: -1/18      AC:  1    Str:  7    XL:     2   Next: 70%
Magic:  1/5        EV: 16    Int: 17    God:
Gold:   66         SH:  3    Dex: 12    Spells: 4/5 levels left

rFire   . . .      SeeInvis .   d - +0 dagger
rCold   . . .      Faith    .   f - +0 buckler
rNeg    . . .      Spirit   .   (helmet restricted)
rPois   .          Reflect  .   (no amulet)
rElec   .          Harm     .   e - +4 ring of evasion
rCorr   +          Rampage  .   c - ring of resist corrosion
Will    .....                   (no ring)
Stlth   +++.......              (no ring)
HPRegen 0.06/turn               (no ring)
MPRegen 0.09/turn               (no ring)
                                (no ring)
                                (no ring)

@: lethally poisoned (-1 -> -8)
A: almost no armour, amphibious, 8 rings, camouflage 1, gelatinous body 1,
(nimble swimmer 1), tentacles
a: no special abilities


You were on level 1 of the Dungeon.
You visited 1 branch of the dungeon, and saw 2 of its levels.

You collected 66 gold pieces.

Inventory:

Hand Weapons
 d - a +0 dagger (weapon)
Armour
 f - a +0 buckler (worn)
Jewellery
 c - a ring of resist corrosion (right tentacle)
 e - a +4 ring of evasion (left tentacle)
Potions
 a - 2 potions of magic


   Skills:
 + Level 0.4 Fighting
 + Level 2.2 Dodging
 + Level 3.0 Stealth
 + Level 0.1 Shields
 + Level 2.0 Spellcasting
 + Level 1.2 Conjurations
 * Level 3.2 Fire Magic


You had 4 spell levels left.
You knew the following spells:

 Your Spells              Type           Power      Damage    Failure   Level
a - Foxfire               Conj/Fire      36%        2x1d5     11%         1

Your spell library contained the following spells:

 Spells                   Type           Power      Damage    Failure   Level
 Scorch                   Fire           24%        2d6       11%         2
 Conjure Flame            Conj/Fire      9%         6-21      30%         3
 Inner Flame              Hex/Fire       7%         N/A       38%         3
 Flame Wave               Conj/Fire      9%         2d5       71%         4


Dungeon Overview and Level Annotations

Branches:
Dungeon (2/15)

Altars:


Innate Abilities, Weirdness & Mutations

You cannot wear most types of armour.
You are amphibious.
You can wear up to eight rings at the same time.
Your skin changes colour to match your surroundings (Stealth+).
Your rubbery body absorbs attacks. (AC +1, EV +1)
((You are camouflaged when in or above water. (Stealth+)))
You have tentacles for arms and can constrict up to eight enemies at once.


Message History

The bat completely misses you.
The foxfire hits the bat.
The bat is moderately wounded.
The foxfire hits the bat.
The bat is severely wounded.
The bat completely misses you.
Casting: Foxfire (safe; 11% risk of failure)
Confirm with . or Enter, or press ? or * to list all spells.
You conjure some foxfire!
You block the bat's attack. The adder bites you.
The foxfire hits the adder.
The adder is moderately wounded.
The foxfire hits the adder but does no damage.
The adder is moderately wounded.
The bat closely misses you. The adder bites you but does no damage.
The goblin misses you. The adder barely misses you.
Casting: Foxfire (safe; 11% risk of failure)
Confirm with . or Enter, or press ? or * to list all spells.
You conjure some foxfire!
The bat hits you but does no damage. The goblin closely misses you.
The adder closely misses you.
The foxfire hits the adder.
The adder is severely wounded.
The foxfire hits the adder.
The adder is almost dead.
The adder bites you. The goblin hits you with a +0 club. The bat misses you.
Your magical contamination has completely faded away.
You feel your willpower return. The bat hits you but does no damage.
You block the bat's attack. The adder completely misses you.
The goblin misses you. The goblin hits you with a +0 club.
You climb upwards.
There is a stone staircase leading down here.
Okay, then.
The bat closely misses you. The adder bites you.
* * * LOW HITPOINT WARNING * * *
You are lethally poisoned!
The adder poisons you! The goblin barely misses you.
The goblin closely misses you. The adder barely misses you.
The goblin attacks as you move away! The goblin hits you with a +0 dagger.
* * * LOW HITPOINT WARNING * * *
You die...

#.###########.# #.# #(#
########## ##'###############
.........###...##...........#
#..............##...........#
#..............##...........#
#.............###...........#
#.............###.g.........#
................@.>.........#
..#########..####Sgb........#
..# #..#..............#
..#########..#..............#
..#..........#..............#
.##..........#..............#
..#..............############
#.#..............#########
...###...................#


You could see an adder, 2 goblins and a bat.

Vanquished Creatures
  2 endoplasms
  3 giant cockroaches (D:1)
  4 goblins (D:1)
  A ball python (D:1)
  A bat (D:1)
  2 frilled lizards (D:1)
  A kobold (D:1)
  4 rats (D:1)
18 creatures vanquished.

Vanquished Creatures (others)
  37 foxfires
37 creatures vanquished.

Grand Total: 55 creatures vanquished

Notes
Turn   | Place    | Note
-------+----------+-------------------------------------------
     0 | D:1      | kae the Octopode Fire Elementalist began the quest for the
                  | Orb.
     0 | D:1      | Reached XP level 1. HP: 11/11 MP: 3/3
   409 | D:1      | Reached XP level 2. HP: 17/17 MP: 0/5
  1053 | D:1      | Succumbed to an adder's poison

Illustrated notes

Levels and vault maps discovered:
D:1:      ebering_trefoil_twist, layout_basic, lemuel_old_faithful
D:2:      layout_rooms, uniq_robin, uniq_terence

Skill      XL: |  1  2 |
---------------+-------+-----
Stealth        | 3 |  3.0
Fighting       | |  0.4
Dodging        | |  2.2
Shields        | |  0.1
Spellcasting   | |  2.0
Conjurations   | |  1.2
Fire Magic     | |  3.2

Action                   || total
-------------------------++-------
Melee: Dagger            ||    14
       Tentacles         ||     4
       Constrict         ||     3
 Cast: Foxfire           ||    20
  Use: Scroll            ||     2
 Stab: Sleeping          ||     2
Armor: Skin              ||     3
Dodge: Dodged            ||    22
Block: Buckler           ||     4

Table legend: (Time is in decaauts)
 A = Elapsed time spent in this place.
 B = Non-inter-level travel time spent in this place.
 C = Inter-level travel time spent in this place.
 D = Time resting spent in this place.
 E = Time spent auto-exploring this place.
 F = Levels seen in this place.
 G = Mean time per level.
                   A        B        C        D        E       F      G
               +--------+--------+--------+--------+--------+-----+--------+
         Total |   1053 |   1007 |     46 |      0 |    849 |   2 |  526.5 |
       Dungeon |   1053 |   1007 |     46 |      0 |    849 |   2 |  526.5 |
               +--------+--------+--------+--------+--------+-----+--------+

Top non-repeatable levels by time:
     D:1: 1038 daAuts
     D:2: 15 daAuts
